 Dungeon Crawl Stone Soup version 0.28-a0-1415-g7c84da036a (webtiles) character file.

Game seed: 13482793467903047277

65 kae the Ruffian (level 3, -5/29 HPs)
             Began as a Draconian Transmuter on Jan 7, 2022.
             Slain by a gnoll (12 damage)
             ... on level 2 of the Dungeon.
             The game lasted 00:01:23 (2047 turns).

kae the Ruffian (Draconian Transmuter)              Turns: 2047, Time: 00:01:24

Health: -5/29      AC:  2    Str: 12    XL:     3   Next: 92%
Magic:  1/6        EV: 19    Int: 15    God:
Gold:   579        SH:  0    Dex: 16    Spells: 3/7 levels left

rFire   . . .      SeeInvis .     - Unarmed
rCold   . . .      Faith    .   (shield currently unavailable)
rNeg    . . .      Spirit   .   (armour unavailable)
rPois   x          Reflect  .   (helmet currently unavailable)
rElec   .          Harm     .   (cloak currently unavailable)
rCorr   .          Rampage  .   (gloves currently unavailable)
Will    .....                   (boots currently unavailable)
Stlth   +.........              (no amulet)
HPRegen 0.09/turn               (no ring)
MPRegen 0.10/turn               (no ring)

@: spider-form (expiring), very slightly contaminated
A: venomous fangs, AC +5, tiny, unfitting armour, (cold-blooded)
a: End Transformation


You were on level 2 of the Dungeon.
You were a venomous arachnid creature.
You visited 1 branch of the dungeon, and saw 2 of its levels.

You collected 579 gold pieces.

Inventory:

Potions
 a - a potion of magic
 c - a potion of invisibility {unknown}
 d - 2 potions of curing
 e - a potion of might {unknown}


   Skills:
 - Level 1.7 Fighting
 - Level 2.1 Dodging
 - Level 3.2 Unarmed Combat
 + Level 2.6 Spellcasting
 + Level 2.7 Transmutations
 - Level 1.0 Poison Magic


You had 3 spell levels left.
You knew the following spells:

 Your Spells              Type           Power      Damage    Failure   Level
a - Beastly Appendage     Tmut           20%        N/A       19%         1
b - Spider Form           Tmut/Pois      7%         N/A       50%         3

Your spell library contained the following spells:

 Spells                   Type           Power      Damage    Failure   Level
 Wereblood                Tmut           10%        N/A       26%         2
 Dazzling Flash           Conj/Hex       2%         N/A       75%         3
 Ice Form                 Ice/Tmut       6%         N/A       89%         4
 Iskenderun's Mystic Bla  Conj/Tloc      1%         2d3       98%         4
 Starburst                Conj/Fire      0%         6d3       100%        6


Dungeon Overview and Level Annotations

Branches:
Dungeon (2/15)

Altars:


Innate Abilities, Weirdness & Mutations

You are a venomous arachnid creature.
You have poisonous fangs.
You are tiny and dextrous.
Your spellcasting is less reliable in this form.
Your armour is entirely melded.
You are incapable of wielding weapons or throwing items.
((Your plain brown scales are hard. (AC +5)))
You cannot fit into any form of body armour.
((You are cold-blooded and may be slowed by cold attacks.))


Message History

The spell is extremely dangerous to miscast (30% risk of failure)!
Continue anyway?
You miscast Spider Form.
You are very lightly contaminated with residual magic.
Your body is twisted painfully.
Casting: Spider Form (extremely dangerous; 30% risk of failure)
Confirm with . or Enter, or press ? or * to list all spells.
The spell is extremely dangerous to miscast (30% risk of failure)!
Continue anyway? [Y]es or [N]o only, please.
The spell is extremely dangerous to miscast (30% risk of failure)!
Continue anyway?
Your horns disappear.
Your talons disappear.
You turn into a venomous arachnid creature.
You start resting.
A gnoll is nearby!
You hit the gnoll but do no damage.
The gnoll is poisoned.
The gnoll barely misses you.
You hit the gnoll but do no damage.
The gnoll looks even sicker.
The gnoll drinks a potion.
The gnoll looks more healthy.
You barely miss the gnoll. The gnoll completely misses you.
The gnoll closely misses you.
You hit the gnoll.
The gnoll is poisoned.
The gnoll is heavily wounded.
The gnoll completely misses you. The gnoll hits you with a +0 flail!
You hit the gnoll.
The gnoll looks as sick as possible!
The gnoll is almost dead.
You kill the gnoll!
The gnoll misses you.
Your transformation is almost over.
The gnoll misses you.
Things that are here:
a +0 flail; 16 stones You hit the gnoll but do no damage.
The gnoll is poisoned.
The gnoll hits you with a +3 halberd.
You hit the gnoll but do no damage. The gnoll closely misses you.
You hit the gnoll but do no damage.
The gnoll looks as sick as possible!
The gnoll hits you with a +3 halberd!
* * * LOW HITPOINT WARNING * * *
You hit the gnoll but do no damage.
The gnoll is lightly wounded.
The gnoll hits you with a +3 halberd!
You die...

#...........# #...........#
##..........# #..........#
#..........# ... #..........#
#... #..........# #...
#..........# #...
#######s#############g..
#......g............g...
####.##.###########...##...
#......>..)................
###.##.....#....#####...##...
#...####........#####...##)†.
#.##..>.............#...##...
#.##.###........###.#.†.##...
#.#..##.........# #.#...##...


You could see a gnoll (extremely poisoned).

Vanquished Creatures
  2 gnolls (D:2)
  An adder (D:2)
  A worm (D:2)
  A dart slug (D:1)
  4 endoplasms
  A giant cockroach (D:1)
  3 goblins (D:1)
  2 hobgoblins
  2 jackals (D:1)
  4 kobolds
  2 quokkas
  A ball python (D:1)
  2 bats
  A frilled lizard (D:2)
  6 rats
33 creatures vanquished.

Notes
Turn   | Place    | Note
-------+----------+-------------------------------------------
     0 | D:1      | kae the Draconian Transmuter began the quest for the Orb.
     0 | D:1      | Reached XP level 1. HP: 16/16 MP: 3/3
   475 | D:1      | Reached XP level 2. HP: 19/23 MP: 3/5
  1511 | D:1      | Identified a scroll of acquirement
  1512 | D:1      | Acquired 533 gold pieces
  1566 | D:2      | Reached XP level 3. HP: 16/29 MP: 4/6
  1570 | D:2      | Learned a level 3 spell: Spider Form
  1926 | D:2      | Reached skill level 1 in Poison Magic
  2047 | D:2      | Slain by a gnoll

Illustrated notes

Levels and vault maps discovered:
D:1:      minmay_arrival_glassed_features, layout_basic,
          minmay_misc_feat_four_crosses
D:2:      layout_basic, basic_altar, shapermc_ecumenical_altar_ellora,
          serial_shops, nicolae_square_shop

Skill      XL: |  1  2  3 |
---------------+----------+-----
Dodging        | 2 |  2.1
Poison Magic   | 1 |  1.0
Fighting       | |  1.7
Unarmed Combat | |  3.2
Spellcasting   | |  2.6
Transmutations | |  2.7

Action                   || total
-------------------------++-------
Melee: Unarmed           ||   103
       Headbutt          ||     4
       Tailslap          ||     3
       Kick              ||    16
       Punch             ||     4
 Cast: Beastly Appendage ||    24
       Spider Form       ||     2
  Use: Scroll            ||     3
 Stab: Sleeping          ||     2
       Distracted        ||     1
Armor: Skin              ||    25
Dodge: Dodged            ||    58

Table legend: (Time is in decaauts)
 A = Elapsed time spent in this place.
 B = Non-inter-level travel time spent in this place.
 C = Inter-level travel time spent in this place.
 D = Time resting spent in this place.
 E = Time spent auto-exploring this place.
 F = Levels seen in this place.
 G = Mean time per level.
                   A        B        C        D        E       F      G
               +--------+--------+--------+--------+--------+-----+--------+
         Total |   2042 |   2006 |     36 |      4 |   1698 |   2 | 1021.0 |
       Dungeon |   2042 |   2006 |     36 |      4 |   1698 |   2 | 1021.0 |
               +--------+--------+--------+--------+--------+-----+--------+

Top non-repeatable levels by time:
     D:1: 1550 daAuts
     D:2: 492 daAuts
